AoeStats
← graellswork

Baltic

510618356Analyzed
2v2 RM · 1d ago on Oct 1, 2026· 49m 17s· 4 players
Game mode
Random Map
Map size
Medium (4 player)
Population
200
Speed
Normal
Resources
Standard
Victory
Conquest
Starting age
Dark Age
Ending age
Imperial Age
RankedLock teamsTeams togetherTeam positionsShared explorationLock speedFull tech treeHidden civsTurbo modeCheats
Victory
Defeat
🇩🇪 Varangians · Germany
1160
+12
🇩🇪 Berbers · Germany
1147
+12
🇪🇸 Malay · Spain
1097
-40
🇦🇷 Saxons · Argentina
1023
-10
graellswork
7:14 Loom
10:19 Feudal Age
10:33 Double-Bit Axe
13:32 Fletching
15:29 Gold Mining
19:40 Castle Age
18:38 Padded Archer Armor
20:01 Bodkin Arrow
21:16 Crossbowman
22:58 Town Watch
26:02 Wheelbarrow
30:53 Ballistics
31:25 Thumb Ring
31:54 Light Cavalry
32:35 Husbandry
34:28 Scale Barding Armor
34:44 Forging
36:35 Bow Saw
36:48 Horse Collar
38:41 Stone Mining
42:20 Gold Shaft Mining
46:29 Hand Cart
[ESTG] Daupoch
9:13 Loom
11:20 Feudal Age
11:46 Man-at-Arms
12:37 Arson
17:28 Scale Mail Armor
21:17 Castle Age
22:21 Wheelbarrow
22:35 Gambesons
22:15 Long Swordsman
24:47 Squires
25:28 Chain Mail Armor
25:51 Forging
26:52 Gold Mining
27:29 Double-Bit Axe
27:52 Horse Collar
31:13 Gold Shaft Mining
31:40 Heavy Plow
31:52 Bow Saw
33:55 Iron Casting
47:01 Hand Cart
Cautes.54
2:22 Loom
11:27 Feudal Age
16:08 Castle Age
14:37 Double-Bit Axe
15:48 Horse Collar
24:33 Fletching
24:44 Padded Archer Armor
28:44 Bow Saw
30:01 Bodkin Arrow
30:22 Leather Archer Armor
31:32 Bloodlines
31:23 Husbandry
32:36 Thumb Ring
34:17 Ballistics
34:09 Masonry
34:12 Fortified Wall
37:33 Wheelbarrow
37:01 Heavy Plow
37:49 Masonry
37:36 Murder Holes
38:35 Gold Mining
38:36 Stone Mining
41:38 Kasbah
42:57 Hand Cart
Heinrich der Löwe
6:52 Loom
11:41 Feudal Age
14:14 Wheelbarrow
19:03 Castle Age
17:30 Fishing Lines
30:25 Bloodlines
37:32 Medium Warships
38:47 Scale Mail Armor
40:41 Husbandry
42:25 Fletching
44:35 Forging
48:33 Bodkin Arrow
Connection lost

Rejoining the realm…

Still unreachable

The connection could not be restored.

Session expired

The server has moved on; the page needs a fresh start.